 Dungeon Crawl Stone Soup version 0.22-a0-367-gb72a975 (webtiles) character file.

47 mortelune the Skirmisher (level 3, 0/29 HPs)
             Began as a Demonspawn Abyssal Knight on Apr 22, 2018.
             Was a Follower of Lugonu.
             Succumbed to an adder's poison
             ... on level 1 of the Dungeon.
             The game lasted 00:03:38 (2813 turns).

mortelune the Skirmisher (DsAK)                     Turns: 2813, Time: 00:03:38

Health: 0/29       AC:  3    Str: 13    XL:     3   Next: 48%
Magic:  4/4        EV: 11    Int: 13    God:    Lugonu [*.....]
Gold:   84         SH:  0    Dex: 12    Spells: 2/2 levels left

rFire    + + .     SeeInvis .   a - +1 falchion
rCold    + . .     Gourm    .   (no shield)
rNeg     . . .     Faith    .   b - +0 leather armour
rPois    +         Spirit   .   (no helmet)
rElec    +         Reflect  .   (no cloak)
rCorr    +         Harm     .   (no gloves)
MR       .....                  (no boots)
Stlth    +.........             (no amulet)
HPRegen  0.09/turn              (no ring)
MPRegen  0.09/turn              (no ring)

@: lethally poisoned (0 -> -14), resistant
A: claws 1, fire resistance 1
a: Depart the Abyss, Renounce Religion


You were on level 1 of the Dungeon.
You worshipped Lugonu.
Lugonu was aware of your devotion.
You were not hungry.

You visited 1 branch of the dungeon, and saw 2 of its levels.
You visited the Abyss 1 time.

You collected 84 gold pieces.

Inventory:

Hand Weapons
 a - a +1 falchion (weapon)
Armour
 b - a +0 leather armour (worn)
Scrolls
 d - a scroll of fog
 e - a scroll of remove curse {unknown}
 g - 2 scrolls of teleportation {unknown}
 i - a scroll of enchant armour {unknown}
 j - a scroll of noise {unknown}
Comestibles
 c - 4 rations


   Skills:
 + Level 3.4 Fighting
 * Level 2.8 Long Blades
 + Level 2.3 Armour
 - Level 0.8 Dodging
 - Level 2.4 Invocations


You had 2 spell levels left.
You didn't know any spells.

Dungeon Overview and Level Annotations

Branches:
Dungeon (2/15)

Altars:


Innate Abilities, Weirdness & Mutations

You have sharp fingernails.
Your flesh is heat resistant. (rF+)


Message History

The adder is heavily wounded.
You feel sick. The adder bites you. x2
* * * LOW HITPOINT WARNING * * *
You hit the adder.
The adder is almost dead.
* * * LOW HITPOINT WARNING * * *
You feel sick. The adder closely misses you.
You riposte.
You barely miss the adder.
The adder is almost dead.
You barely miss the adder.
The adder is almost dead.
* * * LOW HITPOINT WARNING * * *
You feel sick. The adder misses you. The adder bites you but does no damage.
You closely miss the adder.
The adder is almost dead.
* * * LOW HITPOINT WARNING * * *
You feel sick. The adder bites you.
* * * LOW HITPOINT WARNING * * *
You feel protected.
You die...

.....#....####.............# #.
###########...........#....#####.
.................................
(................................
###.###....................#####.
.................................
###.###....................#####.
###.# #.#.#..#..†##..............
....# #.#.#..#.S@.)........#####.
#######.#.#...........##...#####.
........).##.#..#.##..##.........
#########.##.#..#.##..##.........
#.##.#.............#####.
#.##)##.#.##..##...# #.
#.##.##.#.##.......#####.
#^##.##.#.##.............
#########.##.##.#.##..##..######.


You could see an adder.

Vanquished Creatures
  An ooze (D:2)
  3 dart slugs (D:1)
  6 bats (D:1)
  A giant cockroach (D:1)
  2 goblins (D:1)
  5 hobgoblins
  4 jackals (D:1)
  6 kobolds (D:1)
  A frilled lizard (D:1)
  7 rats (D:1)
36 creatures vanquished.

Notes
Turn   | Place    | Note
-------+----------+-------------------------------------------
     0 | Abyss:1  | mortelune the Demonspawn Abyssal Knight began the quest for the Orb.
     0 | Abyss:1  | Reached XP level 1. HP: 18/18 MP: 2/2
    50 | Abyss:1  | Noticed a bone dragon
    51 | D:1      | Escaped the Abyss
   445 | D:1      | Gained mutation: Your flesh is heat resistant. (rF+) [demonic ancestry]
   445 | D:1      | Reached XP level 2. HP: 23/24 MP: 3/3
   773 | D:1      | Reached * piety under Lugonu
  1412 | D:1      | Gained mutation: You have sharp fingernails. [demonic ancestry]
  1412 | D:1      | Reached XP level 3. HP: 21/29 MP: 4/4
  2813 | D:1      | Succumbed to an adder's poison

Vault maps used:
D:1:      dpeg_arrival_circle_labyrinth_b

Skill      XL: |  1 |
---------------+----+-----
Long Blades    | 2 |  2.8
Armour         | 2 |  2.3
Fighting       | |  3.4
Dodging        | |  0.8
Invocations    | |  2.4

Action                   || total
-------------------------++-------
Melee: Falchion          ||   116
Invok: Depart the Abyss  ||     1
  Use: Scroll            ||     2
       Potion            ||     1
  Eat: Chunk             ||     6
Armor: Leather armour    ||    37
Dodge: Dodged            ||    97
       Rpst.: Falchion   ||    34

Table legend:
 A = Spawn XP
 B = Non-spawn XP
 C = Spawn XP percentage of total XP
 D = Spawn monster count
 E = Non-spawn monster count
 F = Spawn count percentage of total count
 G = Total turns spent on level
                    A         B        C        D         E        F      G
               +---------+---------+-------+---------+---------+-------+---------
         Total |       0 |      68 |   0.0 |       0 |      36 |   0.0 |  2813
               +---------+---------+-------+---------+---------+-------+---------
           D:1 |       0 |      59 |   0.0 |       0 |      34 |   0.0 |  2690
           D:2 |       0 |       9 |   0.0 |       0 |       2 |   0.0 |    72
               +---------+---------+-------+---------+---------+-------+---------
